[Event "Team 45 45 League T26"]
[Site "Internet Chess Club"]
[Date "2005.04.16"]
[Round "5"]
[White "asonjay2k"]
[Black "matman"]
[Result "1/2-1/2"]
[WhiteElo "2061"]
[BlackElo "1980"]
[TimeControl "2700+45"]

1. e4 c5 2. Nf3 e6 3. c3 Nf6 4. e5 Nd5 5. Bc4 d6 6. O-O Nc6 7. Bxd5 exd5 8. Re1
Be7 9. d4 O-O 10. Bf4 Bg4 11. exd6 Bxd6 12. Bxd6 Qxd6 13. dxc5 Qxc5 14. h3 Bxf3
15. Qxf3 d4 16. b4 Qb6 17. a3 a5 18. Nd2 dxc3 19. Nc4 Qd4 20. Re4 Qf6 21. Rf4
Qh6 22. b5 Ne7 23. Re4 Nd5 24. Re2 Nb6 25. Qxc3 Rac8 26. Re4 f5 27. Qb3 a4 28.
Qa2 fxe4 29. Nxb6+ Kh8 30. Nxc8 Rxc8 31. Qf7 Qf6 32. Qxf6 gxf6 33. Rd1 Rc3 34.
Rd7 Rxa3 35. Rxb7 Rb3 36. Ra7 a3 37. b6 Rxb6 38. Rxa3 Kg7 39. g4 Kg6 40. Ra5 h6
41. h4 Re6 42. Kg2 e3 43. fxe3 Rxe3 44. h5+ Kg7 45. Ra7+ Kg8 46. Kf2 Rb3 47. Ra5
Kf7 48. Rf5 Ke6 49. Ra5 Kf7 50. Ra2 Rh3 51. Re2 Rh2+ 52. Kf3 Rxe2 53. Kxe2 f5
54. Kf3 fxg4+ 55. Kxg4 Ke6 {Game drawn by mutual agreement} 1/2-1/2

[Event "Team 45 45 League T26"]
[Site "Internet Chess Club"]
[Date "2005.04.16"]
[Round "5"]
[White "viking99"]
[Black "orkid"]
[Result "1-0"]
[WhiteElo "1842"]
[BlackElo "1820"]
[TimeControl "2700+45"]

1. e4 c5 2. Nf3 d6 3. d4 cxd4 4. Nxd4 Nc6 5. c4 Nf6 6. Nc3 e6 7. Be2 a6 8. O-O
Be7 9. Be3 O-O 10. Rc1 e5 11. Nc2 Be6 12. Qd2 Ng4 13. Bxg4 Bxg4 14. Nd5 Be6 15.
Bb6 Qd7 16. Nce3 Bg5 17. Rfd1 Rac8 18. Rc2 Nd4 19. Bxd4 Bxd5 20. exd5 exd4 21.
Qxd4 Bxe3 22. Qxe3 Qg4 23. f3 Qh4 24. g3 Rfe8 25. Qxe8+ {Black resigns} 1-0

[Event "Team 45 45 League T26"]
[Site "Internet Chess Club"]
[Date "2005.04.17"]
[Round "5"]
[White "Chief-Justice"]
[Black "Vombat"]
[Result "0-1"]
[WhiteElo "1976"]
[BlackElo "2204"]
[TimeControl "2700+45"]

1. d4 Nf6 2. Nf3 g6 3. g3 Bg7 4. Bg2 O-O 5. O-O d6 6. c4 c6 7. Nc3 Qa5 8. e4 Bg4
9. h3 Be6 10. Qb3 Nbd7 11. Bd2 Qa6 12. d5 cxd5 13. cxd5 Nc5 14. Qc2 Bd7 15. Rfe1
Qd3 16. Rac1 a5 17. Bf1 Qxc2 18. Rxc2 b5 19. e5 dxe5 20. Nxb5 Rac8 21. Rxe5 Nfe4
22. Rxe7 Bf6 23. Rxd7 Nxd7 24. Rxc8 Rxc8 25. Bxa5 Bxb2 26. Nfd4 Rc5 27. Nc6 Kg7
28. Nb4 Nd2 29. Be2 Nf3+ 30. Kf1 Nd4 31. a4 Rc1+ 32. Kg2 Nxe2 33. Nd3 Rg1+ 34.
Kf3 Nd4+ 35. Ke4 f5+ 36. Ke3 Nxb5 37. Nxb2 Ra1 38. Bb4 Nc7 39. Kd4 Ra2 40. d6
Na6 41. Bc3 Nac5 42. Kd5+ Kf7 43. Kc6 Ke6 {White resigns} 0-1

[Event "Team 45 45 League T26"]
[Site "Internet Chess Club"]
[Date "2005.04.23"]
[Round "5"]
[White "DavidBarnsley"]
[Black "elnik"]
[Result "1-0"]
[WhiteElo "1993"]
[BlackElo "1912"]
[TimeControl "2700+45"]

1. d4 Nf6 2. Nc3 d5 3. e4 dxe4 4. f3 exf3 5. Nxf3 Bg4 6. h3 Bh5 7. g4 Bg6 8. Ne5
e6 9. Bg2 c6 10. Bg5 Be7 11. Qd2 Nd5 12. Bxe7 Qxe7 13. O-O-O Nd7 14. Nxd5 cxd5
15. Nxg6 hxg6 16. Bxd5 Nb6 17. Bg2 O-O-O 18. Qa5 Kb8 19. Rd3 Nc4 20. Qb5 Nd6 21.
Qe5 Qf6 22. Rf1 Qxe5 23. dxe5 Nc4 24. Rxf7 Rxd3 25. Rxb7+ Kc8 26. cxd3 Nxe5 27.
Rxa7 {Black resigns} 1-0

[Event "Team 45 45 League T26"]
[Site "Internet Chess Club"]
[Date "2005.04.15"]
[Round "5"]
[White "alexcolins"]
[Black "steve"]
[Result "1-0"]
[WhiteElo "1800"]
[BlackElo "1912"]
[TimeControl "2700+45"]

1. d4 Nf6 2. Nf3 g6 3. Nc3 Bg7 4. e4 d6 5. Be3 O-O 6. Qd2 Re8 7. O-O-O Nc6 8.
Bb5 Bd7 9. e5 dxe5 10. dxe5 Ng4 11. Qxd7 Ngxe5 12. Qxd8 Raxd8 13. Nd4 Rb8 14.
Nxc6 bxc6 15. Ba4 Nc4 16. Bb3 Nd6 17. Bxa7 Rb7 18. Bd4 e5 19. Be3 Kh8 20. h4 f5
21. f4 Bh6 22. Kb1 Bxf4 23. Bxf4 exf4 24. Rhf1 h6 25. Rxf4 g5 26. hxg5 hxg5 27.
Rff1 Rb4 28. Ba4 Reb8 29. Bb3 Rg4 30. Rh1+ Kg7 31. Rh2 Rg3 32. Rdh1 Rb4 33. Rh7+
Kf6 34. R1h6+ Ke5 35. Re7+ Kf4 36. Ne2+ Kg4 37. Nxg3 Kxg3 38. Rxc7 Rf4 39. a4
Ne4 40. a5 Nd2+ 41. Ka2 Rb4 42. a6 Rb5 43. Ba4 Ra5 44. b3 Rxa6 45. Rcxc6 Ra5 46.
Rcd6 Ne4 47. Kb2 Nxd6 48. Rxd6 Kxg2 49. Bc6+ Kg3 50. b4 Ra6 51. b5 Rb6 52. Rd3+
Kg4 53. c4 f4 54. Bf3+ Kf5 55. Rd5+ Kf6 56. Bg4 Rb8 57. Kc3 Ra8 58. Kd4 Ra3 59.
b6 f3 60. b7 Rb3 61. Rb5 f2 62. Rxb3 f1=Q 63. Rf3+ {Black resigns} 1-0

[Event "Team 45 45 League T26"]
[Site "Internet Chess Club"]
[Date "2005.04.19"]
[Round "5"]
[White "room-matt"]
[Black "deathmage"]
[Result "0-1"]
[WhiteElo "1892"]
[BlackElo "1710"]
[TimeControl "2700+45"]

1. e4 e6 2. d4 d5 3. Nc3 Bb4 4. e5 c5 5. Bd2 Bxc3 6. Bxc3 cxd4 7. Bxd4 Nc6 8.
Nf3 Bd7 9. Qd2 Nge7 10. Be2 O-O 11. c3 Nxd4 12. cxd4 Qb6 13. Rb1 Bb5 14. O-O
Bxe2 15. Qxe2 Nc6 16. Qd2 Rfc8 17. Rfe1 Rc7 18. Rbc1 Rac8 19. Rc3 a6 20. Rec1
Ne7 21. Rxc7 Rxc7 22. Rxc7 Qxc7 23. Qc3 Qxc3 24. bxc3 b5 25. a3 Nc8 26. Nd2 Nb6
27. Kf1 Na4 28. Nb1 Kf8 29. f4 Ke7 30. g4 g6 31. g5 h5 32. Ke2 Kd7 33. h3 Kc6
34. Ke3 Nb6 35. Nd2 Nc4+ 36. Nxc4 dxc4 37. Ke4 a5 38. h4 b4 39. cxb4 axb4 40.
axb4 Kb5 41. Ke3 Kxb4 42. Kd2 c3+ 43. Kc2 Kc4 44. Kc1 Kxd4 45. Kc2 Kc4 46. Kc1
Kd3 47. Kd1 Ke3 48. Kc2 Kxf4 49. Kxc3 Kxe5 50. Kc4 Kf4 51. Kd4 Kg4 52. Ke5 Kxh4
53. Kf4 e5+ 54. Kxe5 Kxg5 55. Ke4 Kg4 56. Ke3 Kg3 {White resigns} 0-1

[Event "Team 45 45 League T26"]
[Site "Internet Chess Club"]
[Date "2005.04.17"]
[Round "5"]
[White "Gregorio"]
[Black "Murdock"]
[Result "1-0"]
[WhiteElo "2063"]
[BlackElo "1974"]
[TimeControl "2700+45"]

1. e4 c5 2. Nf3 e6 3. d4 cxd4 4. Nxd4 Qb6 5. Nb3 Nc6 6. Be3 Qc7 7. Qd2 Nf6 8. f3
Bb4 9. Nc3 d5 10. a3 Bxc3 11. Qxc3 e5 12. Bg5 d4 13. Qd2 b6 14. Bxf6 gxf6 15.
Qh6 Ke7 16. Bd3 Be6 17. O-O a5 18. Nd2 Rag8 19. Rac1 Rg6 20. Qh4 Rhg8 21. Rf2
R8g7 22. Nf1 Qd8 23. Ng3 Qg8 24. Bb5 Na7 25. Bf1 Rg5 26. Nf5+ Bxf5 27. exf5 Rxf5
28. Qe4 Qc8 29. c3 Rf4 30. Qe1 Qd7 31. g3 dxc3 32. Rxc3 Nb5 33. Bxb5 Qxb5 34.
Rd2 Rc4 35. Rcd3 Rg5 36. Rd8 Qc5+ 37. Kg2 Rc2 38. Qd1 Rxd2+ 39. Qxd2 Qc7 40. Rh8
Qd7 41. Qxd7+ Kxd7 42. Rxh7 Ke7 43. Rh8 f5 44. Rb8 Rg6 45. Kf2 Rc6 46. Ke3 Kd7
47. Rb7+ Ke6 48. h4 Kf6 49. Rd7 Ke6 50. Rd3 Kf6 51. Rd5 Ke6 52. Rb5 Kd6 53. f4
f6 54. h5 Ke6 55. h6 e4 56. h7 Rc8 57. Rxb6+ Kf7 58. Ra6 Rh8 59. Rxa5 Kg6 60.
Ra7 Rd8 61. a4 Rd3+ 62. Ke2 Rd8 63. a5 Kh5 64. a6 {Black resigns} 1-0

[Event "Team 45 45 League T26"]
[Site "Internet Chess Club"]
[Date "2005.04.18"]
[Round "5"]
[White "nobodylovesyou"]
[Black "A-Ru"]
[Result "1-0"]
[WhiteElo "1919"]
[BlackElo "1967"]
[TimeControl "2700+45"]

1. d4 e6 2. c4 d5 3. Nc3 c6 4. e4 Bb4 5. cxd5 cxd5 6. e5 Nc6 7. Qg4 Kf8 8. Bd3
f6 9. Nf3 fxe5 10. Nxe5 Nf6 11. Qh4 Kg8 12. O-O Be7 13. Bg5 Nd7 14. Bxe7 Qxe7
15. Qxe7 Nxe7 16. Rfe1 Nxe5 17. Rxe5 Nc6 18. Ree1 Nxd4 19. Rad1 Nc6 20. Nxd5 Bd7
21. Bc4 Rd8 22. Ne7+ Kf7 23. Nxc6 bxc6 24. f4 Bc8 25. f5 Rhe8 26. fxe6+ Ke7 27.
Rc1 Rd2 28. Bb3 Bb7 29. Rf1 Kd8 30. Rf7 Re7 31. Rcf1 c5 32. Rf8+ Kc7 33. R1f7
Rxf7 34. exf7 Rxg2+ 35. Kf1 Rxh2 36. Re8 {Black resigns} 1-0

[Event "Team 45 45 League T26"]
[Site "Internet Chess Club"]
[Date "2005.04.17"]
[Round "5"]
[White "zeke16"]
[Black "CogitoErgoSum"]
[Result "1/2-1/2"]
[WhiteElo "1946"]
[BlackElo "1842"]
[TimeControl "2700+45"]

1. d4 Nf6 2. c4 g6 3. Nc3 Bg7 4. e4 d6 5. Nf3 O-O 6. Be2 c5 7. O-O a6 8. d5 Qa5
9. Qc2 Nbd7 10. Bd2 Ng4 11. Ne1 Ngf6 12. f4 e6 13. Nf3 exd5 14. exd5 Re8 15. Bd3
Nf8 16. Rae1 Bg4 17. f5 Rxe1 18. Nxe1 Re8 19. fxg6 fxg6 20. Ne4 Qd8 21. Bg5 Bf5
22. Nxf6+ Bxf6 23. Bxf6 Qxf6 24. Bxf5 gxf5 25. Qf2 Ng6 26. Nd3 Re4 {Game drawn
by mutual agreement} 1/2-1/2

[Event "Team 45 45 League T26"]
[Site "Internet Chess Club"]
[Date "2005.04.17"]
[Round "5"]
[White "LeifEricson"]
[Black "Scotty2Cues"]
[Result "1-0"]
[WhiteElo "1832"]
[BlackElo "1887"]
[TimeControl "2700+45"]

1. f4 e5 2. d3 exf4 3. Bxf4 Qf6 4. Qc1 Bc5 5. Nf3 Ne7 6. Nc3 Bb4 7. Be5 Qg6 8.
a3 Ba5 9. b4 Bb6 10. Ne4 Nbc6 11. Qf4 Nd5 12. Qg3 Qxg3+ 13. Bxg3 Ne3 14. Kd2 d6
15. c4 f5 16. Nc3 Nd4 17. Nxd4 Bxd4 18. Rc1 Ng4 19. Nb5 Be3+ 20. Kc2 Bxc1 21.
Nxc7+ Kd7 22. Nxa8 Bxa3 23. Kb3 Bc1 24. h3 Nf6 25. Bf2 b6 26. Nxb6+ axb6 27.
Bxb6 Bf4 28. e3 Bg3 29. Be2 Bb7 30. Bf3 Rb8 31. Bd4 Ke6 32. Ra1 Bxf3 33. gxf3
Be5 34. Bxe5 Kxe5 35. Ra5+ Ke6 36. d4 g5 37. Ra7 g4 38. d5+ {Black resigns} 1-0